 Dungeon Crawl Stone Soup version 0.26-a0-639-g72c4674329 (webtiles) character file.

Game seed: 2168310309822317375

(classic levelgen) 24892 EnegeticOcto the Cleaver (level 12, -12/112 HPs)
             Began as a Deep Dwarf Fighter on Sept 22, 2020.
             Was a High Priest of Makhleb.
             Killed from afar by Jorgrun (37 damage)
             ... with an iron shot
             ... on level 2 of the Orcish Mines.
             The game lasted 00:07:30 (8172 turns).

EnegeticOcto the Cleaver (Deep Dwarf Fighter)       Turns: 8172, Time: 00:07:31

Health: -12/112    AC: 21    Str: 26    XL:     12   Next: 84%
Magic:  11/11      EV: 10    Int:  8    God:    Makhleb [*****.]
Gold:   602        SH: 18    Dex: 15    Spells: 11/11 levels left

rFire    + . .     SeeInvis .   a - +1 war axe
rCold    . . .     Faith    .   c - +0 kite shield
rNeg     . . .     Spirit   .   h - +0 plate armour
rPois    +         Reflect  +   i - +2 helmet
rElec    .         Harm     .   s - +0 cloak
rCorr    .         Rampage  .   k - +0 pair of gloves
MR       ++...                  (no boots)
Stlth    ..........             F - amulet of reflection
HPRegen  0.00/turn              r - ring "Geuluid" {rPois MR+ EV+4 Dex+3 Stlth-}
MPRegen  0.12/turn              B - ring of protection from fire

@: non-regenerating
A: damage resistance, heal wounds, sense surroundings 2, no regeneration
a: Heal Wounds, Minor Destruction, Lesser Servant of Makhleb, Major Destruction,
Greater Servant of Makhleb, Renounce Religion


You were on level 2 of the Orcish Mines.
You worshipped Makhleb.
Makhleb was extremely pleased with you.
You visited 3 branches of the dungeon, and saw 14 of its levels.

You collected 1409 gold pieces.
You spent 807 gold pieces at shops.

Inventory:

Hand Weapons
 a - a +1 war axe (weapon)
 E - a +2 scimitar of flaming
Missiles
 w - 3 throwing nets (quivered)
Armour
 c - a +0 kite shield (worn)
 h - a +0 plate armour (worn)
 i - a +2 helmet (worn)
 k - a +0 pair of gloves (worn)
 s - a +0 cloak (worn)
 v - a scarf of repulsion
Jewellery
 n - an uncursed ring of protection from magic
 r - the ring "Geuluid" (left hand) {rPois MR+ EV+4 Dex+3 Stlth-}
   (You bought it in a shop on level 8 of the Dungeon)

   [ring of evasion]

   It affects your evasion (+4).
   It affects your dexterity (+3).
   It protects you from poison.
   It affects your resistance to hostile enchantments.
   It makes you less stealthy.
 B - a ring of protection from fire (right hand)
 F - an amulet of reflection (around neck)
Wands
 j - a wand of digging (18) {@v3}
 o - a wand of paralysis (22)
 q - a wand of polymorph (5)
 D - a wand of iceblast (1) {@v2}
Scrolls
 f - 4 scrolls of fog
 g - 4 scrolls of teleportation {@r3}
 m - 2 scrolls of enchant weapon
 p - a scroll of blinking
 y - 3 scrolls of remove curse {@r2}
Potions
 b - 2 potions of flight
 d - 2 potions of might {@q3}
 e - 2 potions of cancellation
 l - 2 potions of stabbing {@q5}
 t - 2 potions of haste {@q4}
 x - 2 potions of lignification {@q7}
 z - 3 potions of heal wounds {@q2}
 A - 2 potions of curing {@q1}
 C - 2 potions of magic {unknown}
 G - a potion of ambrosia {unknown}
Miscellaneous
 u - a phantom mirror


   Skills:
 + Level 8.9 Fighting
 * Level 13.7 Axes
 + Level 10.5 Armour
 + Level 10.4 Shields
 + Level 10.3 Invocations
 + Level 4.0 Evocations


You had 11 spell levels left.
You didn't know any spells.
Your spell library was empty.

Dungeon Overview and Level Annotations

Branches:
Dungeon (11/15)            Temple (1/1) D:6            Lair (0/6) D:9
    Orc (2/2) D:11            Elf (0/3) Orc:2

Altars:
Ashenzari
Cheibriados
Dithmenos
Elyvilon
Fedhas
Gozag
Kikubaaqudgha
Makhleb
Nemelex Xobeh
Okawaru
Ru
Sif Muna
Trog
Vehumet
Wu Jian
Zin
The Shining One

Shops:
D:8 =   D:10 (   Orc:2 *=

Annotations:
D:7 1 runed translucent door, Borgoz's ghost, novice HOBe
D:8 2 transporters, Goblin1989's ghost, novice SpBr
Orc:2 Jorgrun


Innate Abilities, Weirdness & Mutations

You are resistant to damage.
You can heal yourself by infusing magical energy.
You passively map the area around you.
You do not regenerate.


Message History

A cyclops comes into view.
The cyclops shouts!
Jorgrun Earthshaker comes into view.
He is wielding a +0 vorpal quarterstaff.
Jorgrun shouts!
An orc comes into view. It is wielding a +0 dagger.
The orc shouts!
You hear a shout!
An orc comes into view. It is wielding a +0 hand axe.
An ettin comes into view. It is wielding two +0 dire flails.
You hear a shout!
Found Ustri's General Store.
A cyclops comes into view. 2 orcs and an orc warrior come into view.
The orc warrior shouts!
The orc shouts! x2
The cyclops moves out of view.
You hit the orc.
The orc is moderately wounded.
You hit the orc.
The orc is severely wounded.
The orc barely misses you.
You closely miss the orc.
The orc is severely wounded.
Jorgrun gestures at you while chanting. You resist with almost no effort.
You block the orc's attack.
You hit the orc.
You kill the orc!
Makhleb accepts your kill.
You feel better.
You hit the ettin but do no damage. You barely miss the orc.
The ettin hits you but does no damage. You block the ettin's attack.
The cyclops throws a large rock.
You reflect the large rock off an invisible shield around you!
The large rock barely misses the cyclops.
The large rock hits the fungus!
The fungus begins to die.
You block the orc's attack.
You hit the ettin but do no damage. You hit the orc.
You block the ettin's attack. x2; The cyclops throws a large rock.
The large rock hits you but does no damage.
The orc hits you but does no damage.
You closely miss the orc.
The orc is severely wounded.
You slash the ettin! You block the ettin's attack.
The ettin hits you with a +0 dire flail.
You block the orc's attack.
Some rock shatters into small pieces.
You slash the orc!
You kill the orc!
Makhleb accepts your kill.
You feel better.
You hit the ettin. You hit the ettin but do no damage.
The ettin is lightly wounded.
You slash the orc!
You kill the orc!
Makhleb accepts your kill.
You feel better. You block the ettin's attack.
The ettin hits you with a +0 dire flail!
You hit the ettin but do no damage.
The ettin is lightly wounded.
You miss Jorgrun.
A nearby fungus withers and dies.
Jorgrun points at you and mumbles some strange words.
The iron shot reflects off an invisible shield around you!
The iron shot hits Jorgrun!!!
You block the ettin's attack. The ettin hits you but does no damage.
You hit Jorgrun.
Jorgrun is heavily wounded.
You hit the ettin but do no damage. You block Jorgrun's attack.
The cyclops throws a large rock.
You reflect the large rock off an invisible shield around you!
The large rock hits Jorgrun.
The ettin completely misses you.
The ettin hits you with a +0 dire flail!!
You hit Jorgrun.
Jorgrun is heavily wounded.
Your shield and plate armour prevent you from hitting the ettin.
Jorgrun points at you and mumbles some strange words.
You resist with almost no effort.
Your shield and plate armour prevent you from hitting Jorgrun.
Jorgrun is heavily wounded.
Your plate armour prevents you from hitting the ettin.
You closely miss the orc. You block Jorgrun's attack.
You closely miss Jorgrun.
Jorgrun is heavily wounded.
You hit the cyclops. You hit the ettin but do no damage.
You closely miss the orc. You block the orc's attack. The cyclops hits you!!
* * * LOW HITPOINT WARNING * * *
You are too injured to fight recklessly!
A demon appears!
Jorgrun casts a spell at the cyclops.
The wall shatters!
The blast of rock fragments hits your ynoxinul!!!
Your ynoxinul dies!
You hear a shout! x3
You feel much better.
Jorgrun hits you with a +0 vorpal quarterstaff!
You block the ettin's attack. x2; You block the cyclops's attack.
You block the ettin's attack. The ettin closely misses you.
You fail to use your ability.
The ettin hits you with a +0 dire flail!
* * * LOW HITPOINT WARNING * * *
You block the ettin's attack. Jorgrun gestures at you while chanting.
The iron shot hits you!!!
You die...

* , , , , , , , , ,
, , * , * ,, , .. ,
,, ... , , , * ###*
,#... , #..##..##
#....,, ,,
.......@#####.....
.........C#....... ,
.#.....og......... *
........#CCo.....# *
.......P.(#)....##*
*.
.................# *
, #
**.....(............
* , . *
.................. .
..P....8P........ ,
.


You could see Jorgrun, an ettin, 2 cyclopes, an orc warrior and an orc.

Vanquished Creatures
  Saint Roka (Orc:2)
  A stone giant (Orc:2)
  An ettin (Orc:2)
  Harold (D:7)
  Erica (D:8)
  3 two-headed ogres (D:11)
  Nergalle (D:10)
  2 ugly things
  An orc sorcerer (Orc:2)
  2 cyclopes
  2 manticores (D:11)
  A gargoyle (D:11)
  Maggie (D:7)
  A komodo dragon (D:9)
  A hornet (D:11)
  2 trolls
  3 hippogriffs
  22 yaks
  A wyvern (D:11)
  Grum (D:9)
  A vampire mosquito (D:9)
  Edmund (D:6)
  An acid dragon (D:11)
  A warg (Orc:2)
  3 water moccasins
  8 orc warriors
  2 ice beasts
  3 sky beasts
  An eye of draining (D:9)
  A phantom (D:11)
  5 centaurs
  6 ogres
  4 wolves (D:9)
  5 big kobolds
  6 bullfrogs
  3 gnoll sergeants
  3 scorpions
  3 wights (D:7)
  6 howler monkeys
  A bullfrog zombie (D:8)
  A centaur zombie (D:11)
  3 centaur skeletons
  8 hounds
  5 jellies
  A bullfrog skeleton (D:10)
  5 gnoll shamans (D:7)
  11 orc priests
  4 iguanas
  Crazy Yiuf (D:5)
  13 orc wizards
  12 worker ants
  A hound zombie (D:11)
  A hound skeleton (D:4)
  A howler monkey zombie (D:11)
  A worker ant zombie (D:11)
  Robin (D:2)
  27 gnolls
  8 adders
  A shadow imp (D:6)
  3 white imps
  7 ufetubi
  An ooze (D:6)
  An adder zombie (D:9)
  3 adder skeletons
  A worm (D:4)
  2 dart slugs
  5 leopard geckos
  68 orcs
  3 giant cockroaches
  10 goblins
  6 hobgoblins
  9 jackals
  5 quokkas
  A ball python zombie (D:5)
  A jackal skeleton (D:9)
  10 kobolds
  A quokka skeleton (D:8)
355 creatures vanquished.

Vanquished Creatures (collateral kills)
  A hydra (D:11)
  2 cyclopes (Orc:2)
  4 orc warriors (Orc:2)
  2 ogres (Orc:2)
  2 orc priests (Orc:2)
  A bullfrog skeleton (D:11)
  2 orc wizards (Orc:2)
  3 orcs (Orc:2)
17 creatures vanquished.

Vanquished Creatures (others)
  A wizard (D:8)
  4 fungi (Orc:2)
  5 plants (D:9)
  2 withered plants (D:7)
12 creatures vanquished.

Grand Total: 384 creatures vanquished

Notes
Turn   | Place    | Note
-------+----------+-------------------------------------------
     0 | D:1      | EnegeticOcto the Deep Dwarf Fighter began the quest for the
                  | Orb.
     0 | D:1      | Reached XP level 1. HP: 20/20 MP: 1/1
    59 | D:2      | Noticed Robin
    64 | D:2      | Reached XP level 2. HP: 20/27 MP: 2/2
    78 | D:2      | Killed Robin
    87 | D:2      | Reached XP level 3. HP: 22/34 MP: 3/3
    88 | D:2      | Reached skill level 3 in Axes
   293 | D:4      | Found a shattered altar of Ashenzari.
   507 | D:4      | Reached XP level 4. HP: 34/42 MP: 4/4
   628 | D:4      | Found a snail-covered altar of Cheibriados.
   745 | D:4      | Reached skill level 4 in Axes
   745 | D:4      | Reached XP level 5. HP: 35/49 MP: 4/4
   827 | D:4      | Noticed a centaur
   837 | D:4      | Killed a centaur
   837 | D:4      | Reached XP level 6. HP: 37/56 MP: 5/5
  1169 | D:4      | Reached skill level 5 in Axes
  1619 | D:5      | Entered Level 5 of the Dungeon
  1619 | D:5      | Noticed a water moccasin
  1628 | D:5      | Killed a water moccasin
  1628 | D:5      | Reached skill level 5 in Armour
  1628 | D:5      | Reached skill level 5 in Shields
  1628 | D:5      | Reached XP level 7. HP: 37/64 MP: 6/6
  1792 | D:5      | Reached skill level 6 in Axes
  1904 | D:5      | Found a runed translucent door.
  1905 | D:5      | Noticed Crazy Yiuf
  2362 | D:5      | Killed Crazy Yiuf
  2420 | D:6      | Reached XP level 8. HP: 55/73 MP: 7/7
  2502 | D:6      | Found a blossoming altar of Fedhas.
  2634 | D:6      | Noticed Edmund
  2642 | D:6      | Reached skill level 7 in Axes
  2653 | D:6      | Killed Edmund
  2683 | D:6      | Found a staircase to the Ecumenical Temple.
  2712 | Temple   | Entered the Ecumenical Temple
  2860 | Temple   | Became a worshipper of Makhleb the Destroyer
  3071 | D:7      | Reached skill level 5 in Fighting
  3072 | D:7      | Found a sparkling altar of Nemelex Xobeh.
  3129 | D:7      | Reached skill level 1 in Invocations
  3154 | D:7      | Reached skill level 8 in Axes
  3166 | D:7      | Gained mutation: You passively map the area around you.
                  | [Deep Dwarf growth]
  3166 | D:7      | Reached XP level 9. HP: 43/81 MP: 8/10
  3251 | D:7      | Found a runed translucent door.
  3251 | D:7      | Noticed Borgoz's ghost (novice HOBe)
  3324 | D:7      | Noticed Maggie
  3352 | D:7      | Killed Maggie
  3519 | D:7      | Reached skill level 9 in Axes
  3548 | D:7      | Noticed Harold
  3569 | D:7      | Killed Harold
  3571 | D:7      | Reached skill level 5 in Invocations
  3577 | D:7      | Reached * piety under Makhleb
  3738 | D:7      | Reached XP level 10. HP: 46/91 MP: 11/11
  3813 | D:7      | Reached skill level 10 in Axes
  3869 | D:7      | Reached ** piety under Makhleb
  4433 | D:8      | Found Buop's Jewellery Boutique.
  4476 | D:8      | Noticed Erica
  4488 | D:8      | Killed Erica
  4701 | D:8      | Found a radiant altar of Vehumet.
  4709 | D:8      | Found an ancient bone altar of Kikubaaqudgha.
  4718 | D:8      | Found a shimmering blue altar of Sif Muna.
  4766 | D:8      | Found a transporter.
  4766 | D:8      | Identified the cursed +0 great mace "Ebbinweo" {protect,
                  | rN+}
  4767 | D:8      | Found a transporter.
  4828 | D:8      | Noticed Goblin1989's ghost (novice SpBr)
  4881 | D:8      | Found a bloodstained altar of Trog.
  4882 | D:8      | Noticed a wizard
  4887 | D:8      | Killed a wizard
  5244 | D:9      | Found a staircase to the Lair.
  5418 | D:9      | Noticed Grum
  5445 | D:9      | Killed Grum
  5604 | D:9      | Reached skill level 11 in Axes
  5612 | D:9      | Reached *** piety under Makhleb
  5715 | D:9      | Noticed a cyan ugly thing
  5740 | D:9      | Killed a cyan ugly thing
  5740 | D:9      | Reached XP level 11. HP: 78/100 MP: 13/13
  6175 | D:10     | Entered Level 10 of the Dungeon
  6227 | D:10     | Reached **** piety under Makhleb
  6356 | D:8      | Bought the ring "Geuluid" {rPois MR+ EV+4 Dex+3 Stlth-} for
                  | 807 gold pieces
  6601 | D:10     | Noticed Nergalle
  6641 | D:10     | Killed Nergalle
  6754 | D:10     | Found Ahob Kohua's Antique Weapon Emporium.
  6835 | D:10     | Reached skill level 12 in Axes
  7044 | D:11     | Reached ***** piety under Makhleb
  7091 | D:11     | Found a staircase to the Orcish Mines.
  7210 | D:11     | Noticed a green ugly thing
  7231 | D:11     | Killed a green ugly thing
  7259 | D:11     | Noticed a two-headed ogre
  7311 | D:11     | Killed a two-headed ogre
  7411 | D:11     | Noticed an eight-headed hydra
  7415 | D:11     | Killed an eight-headed hydra
  7415 | D:11     | Reached XP level 12. HP: 92/110 MP: 13/13
  7424 | D:11     | Noticed a two-headed ogre
  7442 | D:11     | Killed a two-headed ogre
  7862 | D:11     | Noticed a two-headed ogre
  7868 | D:11     | Killed a two-headed ogre
  7868 | D:11     | Reached skill level 13 in Axes
  7868 | D:11     | Reached skill level 10 in Armour
  7957 | Orc:1    | Entered Level 1 of the Orcish Mines
  7986 | Orc:2    | Entered Level 2 of the Orcish Mines
  7986 | Orc:2    | Found Iforeimy's Jewellery Shoppe.
  7986 | Orc:2    | Found a staircase to the Elven Halls.
  7986 | Orc:2    | Noticed a stone giant
  8005 | Orc:2    | Reached skill level 10 in Shields
  8005 | Orc:2    | Reached skill level 1 in Evocations
  8010 | Orc:2    | Killed a stone giant
  8052 | Orc:2    | Found a radiant altar of Vehumet.
  8092 | Orc:2    | Noticed Saint Roka
  8102 | Orc:2    | Noticed an ettin
  8117 | Orc:2    | Killed an ettin
  8117 | Orc:2    | Reached skill level 10 in Invocations
  8141 | Orc:2    | Killed Saint Roka
  8151 | Orc:2    | Found Ustri's General Store.
  8151 | Orc:2    | Noticed Jorgrun
  8151 | Orc:2    | Noticed an ettin
  8172 | Orc:2    | Killed from afar by Jorgrun

Illustrated notes

Levels and vault maps discovered:
D:1:      dpeg_arrival_pits, layout_loops_ring, minmay_misc_feat_chi,
          minmay_unequal
D:2:      layout_basic, nicolae_overflow_crystal_walls, uniq_robin, uniq_jessica
D:3:      layout_loops_corners, led_xom_imps, item_on_display_a
D:4:      minmay_polygon_palace, layout_basic, kennysheep_slug_shrine,
          lemuel_coloured_pillars_altar
D:5:      layout_gridville, uniq_crazy_yiuf_cottage
D:6:      layout_basic, fedhas_altar_1, minmay_temple_entry_trees, uniq_edmund
D:7:      kennysheep_housing_project, layout_basic, old_standard_altar,
          gammafunk_ghost_grave, serial_rivers, chequers_serial_rivers_marsh,
          chequers_serial_rivers_small_3, chequers_serial_rivers_micro_d,
          chequers_serial_rivers_micro_d, chequers_serial_rivers_micro_b,
          uniq_maggie, uniq_harold
D:8:      layout_cave_pools, palyth_temple_overflow_mages,
          gammafunk_ghost_smash, serial_shops, nicolae_shop_stone, trog_wizard,
          uniq_erica
D:9:      minmay_quarter_circles, layout_basic, david_lair_shrubbed,
          serial_park_tiny_1, uniq_grum
D:10:     layout_roguey, serial_shops, shop, uniq_nergalle
D:11:     minmay_the_grid_net [minmay_the_grid_x, minmay_the_grid_box_x,
          minmay_the_grid_embedded, minmay_the_grid_aliased_spiral,
          minmay_the_grid_rooms, minmay_the_grid_prize_big_room],
          layout_irregular_city, hiddenorc2_lemuel
Temple:   nicolae_temple_figure_eight
Orc:1:    layout_diamond_mine, uniq_snorg
Orc:2:    grunt_orc_gardens, layout_diamond_mine, grunt_orc_garden,
          grunt_orc_garden, grunt_orc_garden, grunt_orc_garden,
          hangedman_feature_mirror, uniq_jorgrun, uniq_saint_roka

Skill      XL: |  1  2  3  4  5  6  7  8  9 10 11 12 |
---------------+-------------------------------------+-----
Fighting       | 3 4 5 6 7 8 |  8.9
Axes           | 3 4 5 6 8 9 11 12 13 | 13.7
Armour         | 4 5 6 7 8 9 10 | 10.5
Shields        | 4 5 6 7 8 9 10 | 10.4
Invocations    | 2 5 7 9 10 | 10.3
Evocations     | 4 |  4.0

Action                   |  1- 3 |  4- 6 |  7- 9 | 10-12 || total
-------------------------+-------+-------+-------+-------++-------
Melee: War axe           |   106 |   123 |   345 |   958 ||  1532
Invok: Lesser Servant of |       |       |       |     6 ||     6
 Abil: Heal Wounds       |     1 |     3 |    12 |    18 ||    34
Evoke: Wand              |       |       |     2 |     3 ||     5
       Phantom mirror    |       |       |       |     1 ||     1
  Use: Scroll            |       |       |       |    18 ||    18
 Stab: Paralysed         |       |       |     5 |     3 ||     8
       Distracted        |       |       |       |     2 ||     2
Armor: Scale mail        |    50 |    64 |    50 |       ||   164
       Chain mail        |       |       |    81 |    53 ||   134
       Plate armour      |       |       |       |   368 ||   368
Dodge: Dodged            |    33 |    43 |    87 |   255 ||   418
Block: Kite shield       |    60 |    62 |   204 |   646 ||   972
       Reflection        |       |       |       |    14 ||    14

Table legend: (Time is in decaauts)
 A = Elapsed time spent in this place.
 B = Non-inter-level travel time spent in this place.
 C = Inter-level travel time spent in this place.
 D = Time resting spent in this place.
 E = Time spent auto-exploring this place.
 F = Levels seen in this place.
 G = Mean time per level.
                   A        B        C        D        E       F      G
               +--------+--------+--------+--------+--------+-----+--------+
         Total |   8287 |   7816 |    471 |      0 |   5283 |  14 |  591.9 |
       Dungeon |   7921 |   7469 |    452 |      0 |   5068 |  11 |  720.1 |
        Temple |    161 |    149 |     12 |      0 |    129 |   1 |  161.0 |
  Orcish Mines |    204 |    198 |      6 |      0 |     86 |   2 |  102.0 |
               +--------+--------+--------+--------+--------+-----+--------+

Top non-repeatable levels by time:
     D:7: 1433 daAuts
     D:4: 1430 daAuts
     D:9: 1239 daAuts
    D:11: 977 daAuts
     D:5: 791 daAuts
    D:10: 696 daAuts
     D:8: 623 daAuts
     D:6: 453 daAuts
     D:2: 176 daAuts
   Orc:2: 175 daAuts
  Temple: 161 daAuts
     D:3: 95 daAuts
   Orc:1: 28 daAuts
     D:1: 2 daAuts
